 Dungeon Crawl Stone Soup version 0.32-a0-699-g1ee5eff69a (webtiles) character file.

Game seed: 11782033511331961554

1696 arcshroob the Mimic (level 8, -7/59 HPs)
             Began as a Demonspawn Shapeshifter on Mar 13, 2024.
             Was a Follower of Beogh.
             Mangled by a yak (17 damage)
             ... on level 5 of the Dungeon.
             The game lasted 00:12:56 (4590 turns).

arcshroob the Mimic (Demonspawn Shapeshifter)       Turns: 4590, Time: 00:12:56

Health: -7/59      AC:  2    Str: 16    XL:     8   Next: 72%
Magic:  8/8        EV: 11    Int: 11    God:    Beogh [*.....]
Gold:   189        SH:  0    Dex: 13    Spells: 7/7 levels left

rFire   . . .        h - +4 dagger (drain)
rCold   . . .        (no shield)
rNeg    . . .        a - +0 animal skin
rPois   .            (helmet currently unavailable)
rElec   .            (cloak currently unavailable)
rCorr   .            (gloves currently unavailable)
SInv    .            (boots currently unavailable)
Will    .....        (no amulet) Stlth
                     (no ring)
HPRegen 0.29/turn    (no ring)
MPRegen 0.11/turn

%: no passive effects
@: beast-form, silenced, wreathed by umbra
A: beast (slay +4), claws 1, hooves 1, horns 2, foul shadow 1
a: Begin Untransformation, Renounce Religion


You were on level 5 of the Dungeon.
You worshipped Beogh.
Beogh was aware of your devotion.
You were a hulking beast.
You visited 1 branch of the dungeon, and saw 5 of its levels.

You collected 189 gold pieces.

Inventory:

Hand Weapons
 h - a +4 dagger of draining (weapon)
 i - a +3 dagger of venom
Armour
 a - a +0 animal skin (worn)
Talismans
 c - a beast talisman (active)
 d - a flux talisman
 l - a maw talisman
Wands
 k - a wand of charming (15)
 m - a wand of light (9)
Scrolls
 e - a scroll of vulnerability
Potions
 b - a potion of lignification
 f - 3 potions of cancellation
 g - a potion of heal wounds {unknown}
 j - 3 potions of curing {unknown}
 n - a potion of degeneration {unknown}
 o - a potion of berserk rage {unknown}
 p - a potion of enlightenment {unknown}
 q - 2 potions of attraction
 r - 2 potions of resistance {unknown}
 t - a potion of mutation {unknown}


   Skills:
 - Level 3.6 Fighting
 - Level 3.0 Dodging
 - Level 3.0 Unarmed Combat
 + Level 9.0 Shapeshifting


You had 7 spell levels left.
You didn't know any spells.
Your spell library contained the following spells:

 Spells                   Type           Power      Damage    Failure   Level
 Freeze                   Ice            0%         1d3       34%         1
 Magic Dart               Conj           0%         1d3       34%         1
 Searing Ray              Conj           0%         2d4       47%         2
 Dazzling Flash           Conj/Hex       0%         N/A       71%         3
 Frozen Ramparts          Ice            0%         1d1       71%         3
 Hailstorm                Conj/Ice       0%         3d5       71%         3
 Mephitic Cloud           Conj/Alch/Air  0%         N/A       71%         3
 Fulminant Prism          Conj/Alch      0%         3d5       98%         4
 Olgreb's Toxic Radiance  Alch           0%         N/A       98%         4
 Curse of Agony           Necr           0%         N/A       100%        5
 Silence                  Hex/Air        0%         N/A       100%        5
 Ozocubu's Refrigeration  Ice            0%         4d7       100%        7
 Discord                  Hex            0%         N/A       100%        8


Dungeon Overview and Level Annotations

Branches:
Dungeon (5/15)
 Temple: D:4-7

Altars:
Okawaru

Shops:
D:2 :


Innate Abilities, Weirdness & Mutations

You are a hulking beast.
Your limbs bulge with bestial killing power. (Slay +4)
You have sharp fingernails.
You have large cloven feet.
You have a pair of horns on your head.
You are faintly shadowed, very rarely releasing foul flame when damaged in melee.


Message History

The yak is moderately wounded.
An iguana comes into view.
You barely miss the yak. Your kick misses the yak.
The yak is moderately wounded.
The yak gores you!
Okay, then.
Okay, then.
Aiming: Bolt of Light
Press: ? - help, Q - select action, (/) - cycle Shift-Dir - straight line, f - yak
Aim: a yak (almost dead, lightly drained, 83% to hit)
The bolt of light hits the yak!
The yak is heavily wounded.
The yak is blinded.
The bolt of light hits the yak!
The yak is lightly wounded.
The yak is blinded.
The bolt of light hits the yak!
You kill the yak!
Beogh accepts your kill.
The yak is no longer blind.
An ice beast comes into view.
Found a book of Air.
You see here a book of Air.
You hit the ice beast. You drain the ice beast.
Your headbutt misses the ice beast.
The ice beast is moderately wounded.
The ice beast barely misses you.
You puncture the ice beast!
You kick the ice beast, but do no damage.
The ice beast is severely wounded.
The ice beast hits you. The ice beast freezes you!
You hit the ice beast. You drain the ice beast.
You kill the ice beast!
Beogh accepts your kill.
Your Shapeshifting skill increases to level 9!
The yak attacks as it pursues you! The yak barely misses you.
The yak attacks as it pursues you! The yak gores you!
* * * LOW HITPOINT WARNING * * *
Okay, then.
As you read the scroll labelled QOTZUDDANKIAT, it crumbles to dust.
A profound silence engulfs you.
It was a scroll of silence.
The yak gores you!
You die...

# # ######## #
#...Y..###### ##
#.####YYYh..# . .##
#....######.##.. ..#
####Y.## #..... #.##
##Y.###...#.#.# ...##
##.Y...# ..#.#
....#######...#.###...#.#
..........#.###.###.....#
#### ##..........#
#.....# #>..####...
##...Y#...# #Y..###
#.#......#.


You could see 4 yaks.

Vanquished Creatures
  Pikel (D:4)
  Grinder (D:4)
  2 yaks (D:5)
  An ice beast (D:5)
  An ogre (D:4)
  A phantom (D:4)
  A lemure (D:4)
  2 scorpions
  A hound (D:4)
  A jelly (D:2)
  A gnoll bouda (D:4)
  2 sleepcaps
  Ijyb (D:4)
  6 gnolls
  6 adders
  A white imp (D:5)
  2 ribbon worms
  6 dart slugs
  6 orcs (D:4)
  6 ball pythons
  5 endoplasms
  3 giant cockroaches
  9 goblins
  11 hobgoblins
  A jackal (D:2)
  7 kobolds
  4 quokkas
  16 bats
  5 frilled lizards
  2 rats
112 creatures vanquished.

Vanquished Creatures (others)
  A ribbon worm (D:3)
  An orc (D:3)
2 creatures vanquished.

Grand Total: 114 creatures vanquished

Notes
Turn   | Place    | Note
-------+----------+-------------------------------------------
     0 | D:1      | arcshroob the Demonspawn Shapeshifter began the quest for
                  | the Orb.
     0 | D:1      | Reached XP level 1. HP: 15/15 MP: 1/1
   105 | D:1      | Gained mutation: You are faintly shadowed, very rarely
                  | releasing foul flame when damaged in melee. [demonic
                  | ancestry]
   105 | D:1      | Reached XP level 2. HP: 21/21 MP: 2/2
   560 | D:1      | Discovered your monstrous ancestry.
   560 | D:1      | Gained mutation: You have a pair of small horns on your
                  | head. [demonic ancestry]
   560 | D:1      | Reached XP level 3. HP: 18/26 MP: 3/3
  1161 | D:2      | Gained mutation: You have sharp fingernails. [demonic
                  | ancestry]
  1161 | D:2      | Reached XP level 4. HP: 25/34 MP: 4/4
  1576 | D:2      | Found Soaz's Book Shoppe.
  1892 | D:3      | Became a worshipper of Beogh the Shepherd
  2379 | D:3      | Gained mutation: You have large cloven feet. [demonic
                  | ancestry]
  2379 | D:3      | Reached XP level 5. HP: 34/41 MP: 5/5
  2516 | D:3      | Reached skill level 3 in Shapeshifting
  2539 | D:3      | Found an iron altar of Okawaru.
  2574 | D:4      | Noticed a lemure
  2575 | D:4      | Noticed Pikel
  2664 | D:4      | Noticed Ijyb
  2677 | D:4      | Killed Ijyb
  2925 | D:4      | Reached * piety under Beogh
  2931 | D:4      | Reached skill level 4 in Shapeshifting
  2931 | D:4      | Reached XP level 6. HP: 27/47 MP: 6/6
  3540 | D:4      | Noticed Grinder
  3553 | D:4      | Reached skill level 5 in Shapeshifting
  3561 | D:4      | Paralysed by Grinder for 4 turns
  3571 | D:4      | Paralysed by Grinder for 2 turns
  3575 | D:4      | Killed Grinder
  3576 | D:4      | Reached skill level 6 in Shapeshifting
  3576 | D:4      | Gained mutation: You have a pair of horns on your head.
                  | [demonic ancestry]
  3576 | D:4      | Reached XP level 7. HP: 10/52 MP: 7/7
  3865 | D:4      | Killed Pikel
  3866 | D:4      | Reached skill level 7 in Shapeshifting
  3866 | D:4      | Reached XP level 8. HP: 35/59 MP: 8/8
  4168 | D:5      | Entered Level 5 of the Dungeon
  4419 | D:5      | Reached skill level 8 in Shapeshifting
  4585 | D:5      | Reached skill level 9 in Shapeshifting
  4590 | D:5      | Mangled by a yak

Illustrated notes

Levels and vault maps discovered:
D:1:      psy_arrival_radial02, layout_basic
D:2:      layout_loops_ring, serial_shops, shop, minmay_misc_feat_tiny,
          minmay_diced_spiral
D:3:      layout_rooms, okawaru_altar_gauntlet_db
D:4:      layout_cave_pools, serial_column_ruins, column_ruins_hut,
          column_ruins_open_small, column_ruins_corridor_straight,
          column_ruins_columns_T, column_ruins_grid_3,
          column_ruins_columns_corner, uniq_grinder, uniq_pikel, uniq_ijyb
D:5:      layout_rooms, temple_green

Skill      XL: |  1  2  3  4  5  6  7  8 |
---------------+-------------------------+-----
Dodging        | 2 3 |  3.0
Fighting       | 2 3 |  3.6
Unarmed Combat | 3 |  3.0
Shapeshifting  | 4 6 7 9 |  9.0

Action                     |  1- 3 |  4- 6 |  7- 9 || total
---------------------------+-------+-------+-------++-------
  Melee: Unarmed           |    97 |       |       ||    97
         Dagger            |     9 |   188 |    46 ||   243
         Headbutt          |     8 |    32 |     8 ||    48
         Kick              |       |    28 |    20 ||    48
 Invoke: Convert to Beogh  |       |     1 |       ||     1
  Evoke: Wand              |       |       |     3 ||     3
    Use: Scroll            |       |     8 |     2 ||    10
         Potion            |       |     1 |     1 ||     2
   Stab: Sleeping          |     1 |       |       ||     1
         Distracted        |       |       |     1 ||     1
         Invisible         |       |       |     1 ||     1
 Armour: Animal skin       |    84 |    91 |    20 ||   195
         Skin              |       |    21 |     9 ||    30
  Dodge: Dodged            |   115 |   110 |    27 ||   252

Table legend: (Time is in decaauts)
 A = Elapsed time spent in this place.
 B = Non-inter-level travel time spent in this place.
 C = Inter-level travel time spent in this place.
 D = Time resting spent in this place.
 E = Time spent auto-exploring this place.
 F = Levels seen in this place.
 G = Mean time per level.
                   A        B        C        D        E       F      G
               +--------+--------+--------+--------+--------+-----+--------+
         Total |   4585 |   4585 |      0 |   1062 |   2139 |   5 |  917.0 |
       Dungeon |   4585 |   4585 |      0 |   1062 |   2139 |   5 |  917.0 |
               +--------+--------+--------+--------+--------+-----+--------+

Top non-repeatable levels by time:
     D:4: 1360 daAuts
     D:1: 952 daAuts
     D:3: 934 daAuts
     D:2: 916 daAuts
     D:5: 421 daAuts
